 Dungeon Crawl Stone Soup version bcrawl-1.36.4 (webtiles) character file.

Game seed: 11547499937623336549

278500 Mrkan the Carver (level 9, -7/74 HPs)
             Began as a Gnoll Wanderer on July 24, 2022.
             Was a Priest of Nemelex Xobeh.
             Killed from afar by an electric eel (10 damage)
             ... with a bolt of electricity
             ... on level 7 of the Dungeon.
             The game lasted 00:20:01 (5656 turns).

Mrkan the Carver (Gnoll Wanderer)                   Turns: 5656, Time: 00:20:01

Health: -7/74      AC:  5    Str: 14    XL:     9   Next: 30%
Magic:  15/15      EV: 13    Int: 16    God:    Nemelex Xobeh [***...]
Gold:   512        SH: 13    Dex: 17    Spells: 16/16 levels left

rFire    + + .     SeeInvis +   n - +2 falchion (protect)
rCold    x . .     Gourm    .   r - +4 buckler of Erookoo {rF+ rC- Slay+2}
rNeg     . . .     Faith    .   G - +0 troll leather armour
rPois    .         Spirit   .   (no helmet)
rElec    .         Reflect  .   y - +0 cloak
rCorr    .                      (no gloves)
MR       .....                  (no boots)
Stlth    +++.......             (no amulet)
HPRegen  0.62/turn              q - ring of protection from fire
MPRegen  0.14/turn              z - ring of see invisible

@: no status effects
A: distributed training, fangs 1, strong nose
a: Draw Escape, Draw Destruction, Draw Summoning, Triple Draw, Renounce Religion


You were on level 7 of the Dungeon.
You worshipped Nemelex Xobeh.
Nemelex Xobeh was most pleased with you.
You were hungry.

You visited 1 branch of the dungeon, and saw 7 of its levels.

You collected 512 gold pieces.

Inventory:

Hand Weapons
 k - a +4 quarterstaff
 n - a +2 falchion of protection (weapon)
Missiles
 p - 101 poisoned tomahawks (quivered)
Armour
 r - the +4 buckler of Erookoo (worn) {rF+ rC- Slay+2}
   (You acquired it on level 6 of the Dungeon)

   It affects your accuracy and damage with ranged weapons and melee attacks
   (+2).
   It protects you from fire.
   It makes you vulnerable to cold.
 y - a +0 cloak (worn)
 G - a +0 troll leather armour (worn)
 I - a +0 plate armour
Jewellery
 q - a ring of protection from fire (left hand)
 z - a ring of see invisible (right hand)
 B - a +5 ring of protection {unknown}
Wands
 c - a wand of random effects (15)
 s - a wand of scattershot (15)
 v - a wand of flame (24)
 F - a wand of iceblast (7)
Scrolls
 a - a scroll of enchant armour {unknown}
 f - a scroll of fear
 g - 5 scrolls of remove curse
 h - 7 scrolls of teleportation
 i - a scroll of identify
 l - a scroll of immolation {unknown}
 o - a scroll of magic mapping
 E - a scroll of fog {unknown}
 J - a scroll of amnesia {unknown}
Potions
 b - 6 potions of agility
 d - a potion of mutation {unknown}
 j - 2 potions of degeneration {unknown}
 m - 2 potions of haste {unknown}
 t - 2 potions of resistance {unknown}
 u - 2 potions of invisibility
 w - 2 potions of lignification {unknown}
 x - a potion of cancellation {unknown}
 C - a potion of berserk rage {unknown}
 D - 2 potions of might {unknown}
 H - a potion of heal wounds {unknown}
Comestibles
 e - 13 rations {!d}
 A - a chunk of flesh


   Skills:
 + Level 7.8 Fighting
 + Level 4.0 Short Blades
 + Level 9.4 Long Blades
 + Level 4.0 Axes
 + Level 4.0 Maces & Flails
 + Level 4.0 Polearms
 + Level 4.0 Staves
 + Level 4.0 Slings
 + Level 4.0 Bows
 + Level 4.0 Crossbows
 + Level 4.0 Throwing
 + Level 4.0 Armour
 + Level 4.0 Dodging
 + Level 6.2 Stealth
 + Level 4.0 Shields
 + Level 4.0 Unarmed Combat
 + Level 4.0 Spellcasting
 + Level 3.3 Conjurations
 + Level 3.3 Hexes
 + Level 3.3 Charms
 + Level 3.3 Summonings
 + Level 3.3 Necromancy
 + Level 3.3 Translocations
 + Level 3.3 Transmutations
 + Level 3.3 Fire Magic
 + Level 3.3 Ice Magic
 + Level 3.3 Air Magic
 + Level 3.3 Earth Magic
 + Level 3.3 Poison Magic
 + Level 4.4 Invocations
 + Level 4.8 Evocations


You had 16 spell levels left.
You didn't know any spells.
Your spell library was empty.

Dungeon Overview and Level Annotations

Branches:
Dungeon (7/12)             Temple (0/1) D:6
   Lair: D:7-9

Altars:
Elyvilon
Gozag
Lugonu
Nemelex Xobeh
Uskayaw
Vehumet
The Shining One

Shops:
D:4 [

Annotations:
D:2 1 runed door


Innate Abilities, Weirdness & Mutations

Your experience applies equally to all skills.
You have very sharp teeth.
Your uncanny sense of smell can sniff out nearby items.


Message History

You bite the electric eel, but do no damage.
The electric eel is moderately wounded.
You slash the electric eel!
You kill the electric eel!
You hear a splash.
The electric eel shoots out a bolt of lightning at you!
The bolt of electricity hits you!
The electric eel shoots out a bolt of lightning at you!
The bolt of electricity hits you.
* * * LOW HITPOINT WARNING * * *
The electric eel shoots out a bolt of lightning at you!
The bolt of electricity hits you.
* * * LOW HITPOINT WARNING * * *
The electric eel shoots out a bolt of lightning at you!
The bolt of electricity hits you!
* * * LOW HITPOINT WARNING * * *
The electric eel shoots out a bolt of lightning at you!
The bolt of electricity hits you!
You die...
Your body glows slightly and disappears.

.............. ≈;.≈...≈≈..P..
≈≈P≈≈≈≈≈≈..≈###
≈≈≈≈≈≈≈≈≈≈≈≈≈≈##
≈PP≈≈≈≈≈≈≈≈≈≈≈≈
≈≈.P≈≈≈≈≈≈≈≈≈≈
.......P≈;†###### #
................########### #
#####...........@..#......# #
#..............#......# #
#....$.........#.....########
#....##.......##.....#.......
#....##.......##.....#.......
#....##..............#.......
#######..............#.....##
#...................... .
......#.....................#


You could see an electric eel.

Vanquished Creatures
  2 trolls
  A hippogriff (D:6)
  An orc warrior (D:7)
  2 sky beasts
  A necrophage (D:4)
  A phantom (D:4)
  3 ogres (D:6)
  A water moccasin zombie (D:7)
  A scorpion (D:6)
  2 vampire bats (D:5)
  2 electric eels (D:7)
  A crimson imp (D:3)
  3 hounds (D:4)
  2 bullfrog zombies
  3 orc wizards
  Terence (D:2)
  2 worker ants
  A hound skeleton (D:4)
  A worker ant zombie (D:7)
  4 adders
  A shadow imp (D:7)
  An ooze (D:3)
  An adder zombie (D:6)
  2 adder skeletons (D:4)
  4 worms
  3 dart slugs
  8 leopard geckos
  11 orcs
  13 bats
  2 giant cockroaches (D:2)
  2 goblins
  9 hobgoblins
  5 jackals
  2 quokkas
  A ball python (D:4)
  5 frilled lizards
  15 kobolds
  A quokka skeleton (D:4)
  4 rats
125 creatures vanquished.

Notes
Turn   | Place    | Note
-------+----------+-------------------------------------------
     0 | D:1      | Mrkan the Gnoll Wanderer began the quest for the Orb.
     0 | D:1      | Mrkan set off with the following items: a +2 falchion, a
                  | potion of agility, a wand of random effects (15), a +0
                  | robe, a ration {!d}, a +0 dagger
     0 | D:1      | Reached XP level 1. HP: 23/23 MP: 2/2
   147 | D:1      | Reached XP level 2. HP: 9/29 MP: 3/3
  1153 | D:2      | Found a hide-covered altar of Uskayaw.
  1234 | D:2      | Reached XP level 3. HP: 35/35 MP: 4/4
  1389 | D:2      | Reached skill level 1 in Invocations
  1425 | D:2      | Found a radiant altar of Vehumet.
  1477 | D:2      | Reached skill level 1 in Short Blades
  1477 | D:2      | Reached skill level 1 in Axes
  1477 | D:2      | Reached skill level 1 in Maces & Flails
  1477 | D:2      | Reached skill level 1 in Polearms
  1477 | D:2      | Reached skill level 1 in Staves
  1477 | D:2      | Reached skill level 1 in Slings
  1477 | D:2      | Reached skill level 1 in Bows
  1477 | D:2      | Reached skill level 1 in Crossbows
  1477 | D:2      | Reached skill level 1 in Throwing
  1477 | D:2      | Reached skill level 1 in Armour
  1477 | D:2      | Reached skill level 1 in Dodging
  1477 | D:2      | Reached skill level 1 in Shields
  1477 | D:2      | Reached skill level 1 in Unarmed Combat
  1477 | D:2      | Reached skill level 1 in Spellcasting
  1599 | D:2      | Noticed Terence
  1621 | D:2      | Killed Terence
  1622 | D:2      | Reached XP level 4. HP: 26/41 MP: 6/6
  1694 | D:2      | Found a sparkling altar of Nemelex Xobeh.
  1828 | D:2      | Found a runed door.
  2102 | D:2      | Became a worshipper of Nemelex Xobeh the Trickster
  2122 | D:3      | Found an opulent altar of Gozag.
  2126 | D:3      | Received a gift from Nemelex Xobeh
  2178 | D:3      | Reached skill level 1 in Conjurations
  2178 | D:3      | Reached skill level 1 in Hexes
  2178 | D:3      | Reached skill level 1 in Charms
  2178 | D:3      | Reached skill level 1 in Summonings
  2178 | D:3      | Reached skill level 1 in Necromancy
  2178 | D:3      | Reached skill level 1 in Translocations
  2178 | D:3      | Reached skill level 1 in Transmutations
  2178 | D:3      | Reached skill level 1 in Fire Magic
  2178 | D:3      | Reached skill level 1 in Ice Magic
  2178 | D:3      | Reached skill level 1 in Air Magic
  2178 | D:3      | Reached skill level 1 in Earth Magic
  2178 | D:3      | Reached skill level 1 in Poison Magic
  2237 | D:3      | Reached XP level 5. HP: 46/47 MP: 7/7
  2332 | D:3      | Noticed a sky beast
  2368 | D:3      | Killed a sky beast
  2369 | D:3      | Reached XP level 6. HP: 39/53 MP: 8/8
  2794 | D:3      | Reached * piety under Nemelex Xobeh
  2846 | D:3      | Received a gift from Nemelex Xobeh
  3181 | D:4      | Noticed a phantom
  3216 | D:4      | Killed a phantom
  3217 | D:4      | Reached skill level 5 in Stealth
  3313 | D:4      | Reached XP level 7. HP: 57/59 MP: 10/10
  3351 | D:4      | Found Cuorezof's Antique Armour Shoppe.
  3541 | D:4      | Found a glowing golden altar of the Shining One.
  3693 | D:4      | Reached ** piety under Nemelex Xobeh
  3881 | D:5      | Entered Level 5 of the Dungeon
  3943 | D:5      | Received a gift from Nemelex Xobeh
  4177 | D:5      | Reached skill level 9 in Long Blades
  4515 | D:5      | Reached XP level 8. HP: 67/67 MP: 12/12
  4548 | D:6      | Noticed a hippogriff
  4569 | D:6      | Found a white marble altar of Elyvilon.
  4585 | D:6      | Identified a scroll of acquirement
  4585 | D:6      | Identified the +4 buckler of Erookoo {rF+ rC- Slay+2} (You
                  | acquired it on level 6 of the Dungeon)
  4585 | D:6      | Identified the ring "Murima" {Fire Int+2} (You acquired it
                  | on level 6 of the Dungeon)
  4585 | D:6      | Identified Mrkan's Compendium of Dislocated Cold (You
                  | acquired it on level 6 of the Dungeon)
  4664 | D:6      | Killed a hippogriff
  4794 | D:6      | Reached *** piety under Nemelex Xobeh
  4858 | D:6      | Found a staircase to the Ecumenical Temple.
  5042 | D:6      | Received a gift from Nemelex Xobeh
  5110 | D:7      | Found a corrupted altar of Lugonu.
  5120 | D:7      | Noticed a troll
  5128 | D:7      | Killed a troll
  5190 | D:7      | Noticed a troll
  5233 | D:6      | HP: 2/67 [troll (10)]
  5306 | D:6      | Killed a troll
  5307 | D:6      | Reached XP level 9. HP: 28/73 MP: 14/14
  5655 | D:7      | HP: 3/74 [electric eel/bolt of electricity (12)]
  5656 | D:7      | Killed from afar by an electric eel

Skill      XL: |  1  2  3  4  5  6  7  8  9 |
---------------+----------------------------+-----
Invocations    | 1 2 3 4 |  4.4
Short Blades   | 1 2 3 4 |  4.0
Axes           | 1 2 3 4 |  4.0
Maces & Flails | 1 2 3 4 |  4.0
Polearms       | 1 2 3 4 |  4.0
Staves         | 1 2 3 4 |  4.0
Slings         | 1 2 3 4 |  4.0
Bows           | 1 2 3 4 |  4.0
Crossbows      | 1 2 3 4 |  4.0
Throwing       | 1 2 3 4 |  4.0
Armour         | 1 2 3 4 |  4.0
Dodging        | 1 2 3 4 |  4.0
Shields        | 1 2 3 4 |  4.0
Unarmed Combat | 1 2 3 4 |  4.0
Spellcasting   | 1 2 3 4 |  4.0
Conjurations   | 1 2 3 |  3.3
Hexes          | 1 2 3 |  3.3
Charms         | 1 2 3 |  3.3
Summonings     | 1 2 3 |  3.3
Necromancy     | 1 2 3 |  3.3
Translocations | 1 2 3 |  3.3
Transmutations | 1 2 3 |  3.3
Fire Magic     | 1 2 3 |  3.3
Ice Magic      | 1 2 3 |  3.3
Air Magic      | 1 2 3 |  3.3
Earth Magic    | 1 2 3 |  3.3
Poison Magic   | 1 2 3 |  3.3
Evocations     | 3 4 |  4.8
Stealth        | 5 6 |  6.2
Fighting       | 7 |  7.8
Long Blades    | 9 |  9.4

Action                   |  1- 3 |  4- 6 |  7- 9 || total
-------------------------+-------+-------+-------++-------
Melee: Falchion          |   127 |   133 |   249 ||   509
       Bite              |    16 |    11 |    29 ||    56
       Punch             |       |     1 |       ||     1
 Abil: Draw Destruction  |       |       |     2 ||     2
  Use: Scroll            |       |       |     8 ||     8
       Potion            |       |       |     1 ||     1
 Stab: Sleeping          |     4 |       |     5 ||     9
  Eat: Chunk             |     4 |     4 |    12 ||    20
       Ration            |       |     1 |       ||     1
Armor: Robe              |    16 |       |       ||    16
       Scale mail        |       |    44 |    67 ||   111
       Troll leather arm |       |       |    14 ||    14
Dodge: Dodged            |    66 |    43 |    86 ||   195
Block: Other             |     6 |    10 |     7 ||    23
       Buckler           |       |       |    59 ||    59
